 Dungeon Crawl Stone Soup version 0.26-a0-215-g1b87330c0f (webtiles) character file.

Game seed: 12426777452659892347

187 BritishOli the Slasher (level 5, 0/41 HPs)
             Began as a Demonspawn Gladiator on July 6, 2020.
             Slain by Eustachio
             ... wielding a +0 rapier
              (1 damage)
             ... on level 4 of the Dungeon.
             The game lasted 00:03:29 (4097 turns).

BritishOli the Slasher (Demonspawn Gladiator)       Turns: 4097, Time: 00:03:30

Health: 0/41       AC:  5    Str: 15    XL:     5   Next: 39%
Magic:  5/5        EV: 13    Int:  9    God:
Gold:   181        SH:  0    Dex: 15    Spells: 4/4 levels left

rFire    . . .     SeeInvis +   a - +0 long sword
rCold    . . .     Faith    .   (no shield)
rNeg     . . .     Spirit   .   b - +0 leather armour
rPois    .         Reflect  .   i - +1 hat {SInv}
rElec    .         Harm     .   o - +0 cloak
rCorr    .                      (no gloves)
MR       .....                  (no boots)
Stlth    ++........             (no amulet)
HPRegen  0.13/turn              (no ring)
MPRegen  0.09/turn              (no ring)

@: lightly drained
A: antennae 1, claws 1, talons 1, nightstalker 1
a: no special abilities


You were on level 4 of the Dungeon.
You were not hungry.

You visited 1 branch of the dungeon, and saw 4 of its levels.

You collected 181 gold pieces.

Inventory:

Hand Weapons
 a - a +0 long sword (weapon)
Missiles
 d - 3 throwing nets
 g - 10 boomerangs (quivered)
Armour
 b - a +0 leather armour (worn)
 c - a +0 helmet
 i - a +1 hat of see invisible (worn)
 o - a +0 cloak (worn)
Wands
 s - a wand of polymorph (13)
Scrolls
 e - 11 scrolls of identify {unknown}
 k - a scroll of fog {unknown}
 l - 2 scrolls of fear {unknown}
 n - a scroll of teleportation {unknown}
 p - a scroll of noise {unknown}
 q - a scroll of amnesia {unknown}
 u - a scroll of random uselessness {unknown}
Potions
 h - 2 potions of curing {unknown}
 j - a potion of invisibility {unknown}
 m - a potion of lignification {unknown}
 r - a potion of stabbing {unknown}
 t - 2 potions of flight {unknown}
Comestibles
 f - 5 rations


   Skills:
 + Level 3.0(2.8) Fighting
 + Level 3.4(3.2) Long Blades
 + Level 2.8(2.5) Throwing
 + Level 1.8(1.5) Armour
 + Level 3.4(3.2) Dodging


You had 4 spell levels left.
You didn't know any spells.
Your spell library was empty.

Dungeon Overview and Level Annotations

Branches:
Dungeon (4/15)
 Temple: D:4-7

Altars:
Okawaru
Sif Muna
Uskayaw

Annotations:
D:4 Eustachio


Innate Abilities, Weirdness & Mutations

You have a pair of small antennae on your head.
You have sharp fingernails.
You have sharp toenails.
You are slightly more attuned to the shadows.


Message History

You throw a boomerang. The boomerang misses Eustachio.
The crimson imp closely misses you.
Eustachio gestures wildly while chanting.
Eustachio blinks!
Really walk into that dispersal trap?
You enter a dispersal trap!
The crimson imp blinks!
The orc blinks!
Eustachio blinks!
You blink.
Eustachio casts a spell.
Eustachio blinks!
The orc enters a dispersal trap!
You blink.
Eustachio hits you with a +0 rapier.
* * * LOW HITPOINT WARNING * * *
You slash Eustachio!
Eustachio is almost dead.
Eustachio hits you with a +0 rapier.
* * * LOW HITPOINT WARNING * * *
You closely miss Eustachio. You claw Eustachio, but do no damage.
Eustachio is almost dead.
Eustachio mumbles some strange words.
Eustachio hits you with a +0 rapier.
You die...

...............§.§..#
#####.........#.###o#
#######.#.#.# #.#
##...## #.# ##.## #.#
#.# #.# #.#####.#
#.##5...#
#####.##@####
#†....##@# #.#'####r#
#.+_'.##.# ###+#..#.#
#....#.# ####>#.#
#.#. #.#.#


You could see Eustachio, a quasit (summoned) and a quokka (summoned).

Vanquished Creatures
  Crazy Yiuf (D:2)
  Jessica (D:2)
  A worker ant (D:4)
  Robin (D:2)
  2 adders (D:3)
  2 worms
  A dart slug (D:1)
  2 leopard geckos
  An orc (D:4)
  2 giant cockroaches (D:1)
  17 goblins
  7 hobgoblins
  8 jackals
  A quokka (D:3)
  A ball python (D:3)
  4 bats
  3 frilled lizards
  5 kobolds
  7 rats
67 creatures vanquished.

Notes
Turn   | Place    | Note
-------+----------+-------------------------------------------
     0 | D:1      | BritishOli the Demonspawn Gladiator began the quest for the
                  | Orb.
     0 | D:1      | Reached XP level 1. HP: 16/16 MP: 1/1
   184 | D:1      | Gained mutation: You have a pair of small antennae on your
                  | head. [demonic ancestry]
   184 | D:1      | Reached XP level 2. HP: 18/22 MP: 2/2
  1063 | D:2      | Gained mutation: You have sharp fingernails. [demonic
                  | ancestry]
  1063 | D:2      | Reached XP level 3. HP: 22/28 MP: 3/3
  1209 | D:2      | Noticed Jessica
  1220 | D:2      | Killed Jessica
  1220 | D:2      | Reached skill level 1 in Armour
  1227 | D:2      | Noticed Robin
  1236 | D:2      | Killed Robin
  1236 | D:2      | Gained mutation: You are slightly more attuned to the
                  | shadows. [demonic ancestry]
  1236 | D:2      | Reached XP level 4. HP: 19/34 MP: 4/4
  2076 | D:2      | Found a runed translucent door.
  2077 | D:2      | Noticed Crazy Yiuf
  2312 | D:2      | Killed Crazy Yiuf
  2527 | D:3      | Found an iron altar of Okawaru.
  2592 | D:3      | Gained mutation: You have sharp toenails. [demonic
                  | ancestry]
  2592 | D:3      | Reached XP level 5. HP: 29/40 MP: 5/5
  2830 | D:3      | Found a shimmering blue altar of Sif Muna.
  3942 | D:4      | Found a hide-covered altar of Uskayaw.
  4043 | D:4      | Noticed Eustachio
  4096 | D:4      | HP: 1/41 [Eustachio/+0 rapier (2)]
  4097 | D:4      | Slain by Eustachio

Illustrated notes

Levels and vault maps discovered:
D:1:      kilobyte_arrival_exit_the_forest, layout_loops_cross
D:2:      layout_basic, minmay_distorted, uniq_jessica, uniq_robin,
          uniq_crazy_yiuf_cottage
D:3:      layout_basic, lemuel_blue_sif_altar, first_ration, okawaru_trees_2
D:4:      layout_loops_ring, kennysheep_mini, serial_shops, shop,
          uniq_eustachio, uniq_blork_the_orc

Skill      XL: |  1  2  3  4  5 |
---------------+----------------+-----
Throwing       | 2 |  2.8
Long Blades    | 3 |  3.4
Armour         | 1 |  1.8
Dodging        | 3 |  3.4
Fighting       | 3 |  3.0

Action                   |  1- 3 |  4- 6 || total
-------------------------+-------+-------++-------
Melee: Long sword        |    79 |   110 ||   189
       Kick              |       |    15 ||    15
Throw: Boomerang         |       |    12 ||    12
 Stab: Sleeping          |     1 |     6 ||     7
  Eat: Ration            |     1 |     2 ||     3
Armor: Leather armour    |    17 |    28 ||    45
Dodge: Dodged            |    82 |    85 ||   167
       Rpst.: Long sword |    25 |    33 ||    58

Table legend:
 A = Non-vault XP
 B = Vault XP
 C = Vault XP percentage of total XP
 D = Non-vault monster count
 E = Vault monster count
 F = Vault count percentage of total count
                 A         B        C        D         E       F
            +---------+---------+-------+---------+---------+-------
      Total |     152 |     116 |  43.3 |      51 |      16 |  23.9
            +---------+---------+-------+---------+---------+-------
        D:1 |      37 |       0 |   0.0 |      20 |       0 |   0.0
        D:2 |      21 |     116 |  84.7 |      10 |      16 |  61.5
        D:3 |      48 |       0 |   0.0 |      16 |       0 |   0.0
        D:4 |      46 |       0 |   0.0 |       5 |       0 |   0.0
            +---------+---------+-------+---------+---------+-------
